 Dungeon Crawl Stone Soup version 0.23-a0-143-g1adec7b (webtiles) character file.

1463 KristoblXynda the Cleaver (level 8, 0/68 HPs)
             Began as a Deep Dwarf Fighter on Sept 2, 2018.
             Was an Initiate of Makhleb.
             Slain by a gnoll
             ... wielding a +0 halberd
              (6 damage)
             ... on level 6 of the Dungeon.
             The game lasted 00:10:32 (4885 turns).

KristoblXynda the Cleaver (Deep Dwarf Fighter)      Turns: 4885, Time: 00:10:32

Health: 0/68       AC:  7    Str: 22    XL:     8   Next: 48%
Magic:  6/6        EV:  8    Int:  9    God:    Makhleb [......]
Gold:   274        SH: 11    Dex: 12    Spells: 7/7 levels left

rFire    . . .     SeeInvis .   a - +1 war axe
rCold    . . .     Gourm    .   c - +0 shield
rNeg     . . .     Faith    .   b - +0 scale mail
rPois    .         Spirit   .   (no helmet)
rElec    .         Reflect  .   (no cloak)
rCorr    .         Harm     .   (no gloves)
MR       +....                  (no boots)
Stlth    ..........             (no amulet)
HPRegen  0.00/turn              (no ring)
MPRegen  0.10/turn              (no ring)

@: non-regenerating
A: damage resistance, heal wounds, sense surroundings 1, no regeneration
a: Heal Wounds, Renounce Religion


You were on level 6 of the Dungeon.
You worshipped Makhleb.
Makhleb was noncommittal.
You were not hungry.

You visited 2 branches of the dungeon, and saw 7 of its levels.
You also visited: Sewer.

You collected 274 gold pieces.

Inventory:

Hand Weapons
 a - a +1 war axe (weapon)
 q - a +0 flail of holy wrath
Missiles
 s - a throwing net (quivered)
Armour
 b - a +0 scale mail (worn)
 c - a +0 shield (worn)
Wands
 m - a wand of iceblast (2)
 u - a wand of flame (14)
Scrolls
 g - a scroll of magic mapping
 h - a scroll of fear {unknown}
 k - a scroll of remove curse {unknown}
 r - 3 scrolls of teleportation
 t - a scroll of random uselessness {unknown}
 w - a scroll of identify
Potions
 d - 2 potions of might
 e - 3 potions of haste
 i - 3 potions of brilliance
 j - a potion of resistance
 l - 2 potions of mutation
 n - a potion of flight
 o - a potion of agility {unknown}
 p - a potion of degeneration {unknown}
 v - 2 potions of lignification {unknown}
Comestibles
 f - 8 rations
 x - 3 chunks of flesh


   Skills:
 - Level 2.6 Fighting
 * Level 8.5 Axes
 + Level 6.6 Armour
 + Level 6.6 Shields


You had 7 spell levels left.
You didn't know any spells.
Your spell library was empty.

Dungeon Overview and Level Annotations

Branches:
Dungeon (6/15)             Temple (1/1) D:5

Altars:
Ashenzari
Cheibriados
Dithmenos
Elyvilon
Fedhas
Gozag
Hepliaklqana
Makhleb
Nemelex Xobeh
Okawaru
Qazlal
Ru
Sif Muna
Trog
Uskayaw
Vehumet
Wu Jian
Xom
Yredelemnul
Zin
The Shining One

Shops:
D:4 :


Innate Abilities, Weirdness & Mutations

You are resistant to damage.
You can heal yourself by infusing magical energy.
You passively map a small area around you.
You do not regenerate.


Message History

Makhleb accepts your kill.
Things that are here:
a dagger; a robe; an orc corpse You butcher the orc corpse.
x - 4 chunks of flesh
Things that are here:
a dagger; a robe You feel yourself speed up.
You start waiting.
Eating one of 4 chunks of flesh.
You eat one of the 4 chunks of flesh.
This raw flesh tastes terrible.
You start waiting.
Done waiting.
There is a stone staircase leading down, spattered with blood here.
Things that are here:
a flail; a leather armour You climb downwards.
The gnoll hits you with a spear. The gnoll hits you but does no damage.
You block the gnoll's attack. The gnoll hits you with a halberd!
You die...

..............,
.[..g(.....!......#
,
....(g............#
,
...<.........)....#
##...####..[.g.[[.#
* , #..##
*#..[....)# , ,...#
#....)..# , .....
##..gg.## #...., *
#..@..# , #....
##.o....# #<....
#.lo.....# , ,
#......... , , ,
#......... , * , ,
,*#......... ,
,.......... , ,
.......... , <,


You could see an orc warrior, an iguana, 3 gnolls and an orc.

Vanquished Creatures
  An ice beast (D:5)
  2 ogres
  2 big kobolds (Sewer)
  2 jellies (D:5)
  A gnoll shaman (D:5)
  4 orc priests
  A hound (D:5)
  8 orc wizards
  4 worker ants
  2 iguanas (D:4)
  A killer bee zombie (D:5)
  A hound zombie (D:6)
  A hound skeleton (D:4)
  9 gnolls
  A howler monkey skeleton (D:6)
  11 adders
  2 river rats (Sewer)
  6 oozes
  8 worms
  2 dart slugs
  2 leopard geckos
  25 orcs
  6 ball pythons
  12 giant cockroaches
  5 goblins
  14 hobgoblins
  8 kobolds
  2 quokkas (D:3)
  10 bats
  4 frilled lizards
  A giant cockroach zombie (D:5)
  A quokka zombie (D:2)
  11 rats
170 creatures vanquished.

Notes
Turn   | Place    | Note
-------+----------+-------------------------------------------
     0 | D:1      | KristoblXynda the Deep Dwarf Fighter began the quest for
                  | the Orb.
     0 | D:1      | Reached XP level 1. HP: 20/20 MP: 1/1
    78 | D:1      | Reached XP level 2. HP: 24/27 MP: 2/2
   392 | D:1      | Reached skill level 3 in Axes
   656 | D:2      | Reached XP level 3. HP: 26/33 MP: 3/3
  1121 | D:2      | Reached XP level 4. HP: 25/40 MP: 4/4
  1637 | D:3      | Reached skill level 4 in Axes
  1656 | D:3      | Reached XP level 5. HP: 27/46 MP: 5/5
  1854 | D:3      | Found a glowing drain.
  1872 | Sewer    | Entered a sewer
  1929 | Sewer    | Reached skill level 5 in Axes
  1929 | Sewer    | Reached XP level 6. HP: 29/55 MP: 6/6
  2500 | Sewer    | Reached skill level 5 in Armour
  2500 | Sewer    | Reached skill level 5 in Shields
  2719 | D:3      | Reached skill level 6 in Axes
  2893 | D:3      | Reached XP level 7. HP: 20/61 MP: 7/7
  3191 | D:4      | Found Hime's Book Boutique.
  3330 | D:4      | Reached skill level 7 in Axes
  3780 | D:5      | Entered Level 5 of the Dungeon
  3792 | D:5      | Reached XP level 8. HP: 23/68 MP: 7/7
  4033 | D:5      | Found a staircase to the Ecumenical Temple.
  4051 | Temple   | Entered the Ecumenical Temple
  4153 | Temple   | Became a worshipper of Makhleb the Destroyer
  4505 | D:5      | Reached skill level 8 in Axes
  4885 | D:6      | Slain by a gnoll

Vault maps used:
D:1:      shiori_arrival_oz, minmay_tromino_v7
D:2:      first_ration, corexii_corridor_pit
D:3:      portal_sewer_entry_f, minmay_ruptured
D:4:      serial_shops, nicolae_shop_behind_doors
D:5:      minmay_temple_entry_glass
D:6:      serial_shops, shop_statue
Temple:   kilobyte_greek_temple
Sewer:    sewer_co_tree

Skill      XL: |  1  2  3  4  5  6  7  8 |
---------------+-------------------------+-----
Axes           | 3 4 5 6 7 8 |  8.5
Armour         | 4 5 6 |  6.6
Shields        | 4 5 6 |  6.6
Fighting       | |  2.6

Action                   |  1- 3 |  4- 6 |  7- 9 || total
-------------------------+-------+-------+-------++-------
Melee: War axe           |   141 |   282 |   209 ||   632
 Abil: Heal Wounds       |       |     3 |     8 ||    11
Evoke: Wand              |       |       |     9 ||     9
  Use: Scroll            |       |     8 |     3 ||    11
       Potion            |       |     1 |     2 ||     3
  Eat: Chunk             |     1 |     3 |     4 ||     8
       Ration            |       |     1 |     1 ||     2
Armor: Scale mail        |    79 |   134 |    76 ||   289
Dodge: Dodged            |    60 |   105 |    49 ||   214
Block: Shield            |    91 |   168 |   117 ||   376

Table legend:
 A = Non-vault XP
 B = Vault XP
 C = Vault XP percentage of total XP
 D = Non-vault monster count
 E = Vault monster count
 F = Vault count percentage of total count
                 A         B        C        D         E       F
            +---------+---------+-------+---------+---------+-------
      Total |    1712 |     378 |  18.1 |     127 |      43 |  25.3
            +---------+---------+-------+---------+---------+-------
        D:1 |      25 |      11 |  30.6 |      14 |       6 |  30.0
        D:2 |      67 |       0 |   0.0 |      23 |       0 |   0.0
        D:3 |     265 |      19 |   6.7 |      33 |       9 |  21.4
        D:4 |     562 |       0 |   0.0 |      29 |       0 |   0.0
        D:5 |     662 |       0 |   0.0 |      19 |       0 |   0.0
        D:6 |     131 |       0 |   0.0 |       9 |       0 |   0.0
      Sewer |       0 |     348 | 100.0 |       0 |      28 | 100.0
            +---------+---------+-------+---------+---------+-------
